Map: Thunderbird LE

Players

Harstem - Winner!

  • Race: Protoss Protoss
  • Spawn Location: 5:00

BackupN

  • Race: Protoss Protoss
  • Spawn Location: 11:00

VOD

Have the link to the VOD?

Description

Time

  • Played on: Sept. 6, 2019, 12:57 p.m.
  • Length: 6:15
Show
View Real Time Build Order
Export as new Build Order

Harstem Protoss - Winner!

Build Orders: Oracle Opening 

Get SALT Encoding   

  12  0:01  Probe  
  13  0:13  Probe  
  14  0:18  Pylon  
  14  0:25  Probe  
  15  0:33  Probe  
  15  0:37  Gateway  
  15  0:41  Probe  
  16  0:49  Assimilator  
  17  0:51  Probe  
  17  0:55  Assimilator  
  18  1:04  Probe  
  19  1:08  Gateway  
  19  1:16  Probe  
  20  1:25  Cybernetics Core  
  20  1:28  Probe  
  21  1:39  Pylon  
  21  1:40  Probe  
  22  1:52  Probe  
  23  2:02  Stargate  
  23  2:04  Probe  
  23  2:07  Adept  
  26  2:10  Pylon  
  26  2:11  Adept  
  28  2:22  Warp Gate  
  28  2:37  Shield Battery, Oracle  
  30  2:49  Probe  
  32  2:57  Stalker  
  34  3:13  Probe  
  34  3:15  Oracle, Pylon  
  35  3:20  Nexus  
  38  3:35  Stalker  
  38  3:46  Pylon  
  37  3:53  Robotics Facility  
  35  4:07  Probe  
  34  4:12  Shield Battery x2  
  34  4:13  Stalker  
  36  4:22  Probe  
  37  4:31  Immortal  
  37  4:32  Probe  
  37  4:34  Sentry  
  37  4:36  Probe  
  46  4:50  Shield Battery  
  45  4:53  Stalker  
  45  4:55  Probe  
  46  5:03  Observer  
  46  5:08  Probe x2  
  46  5:11  Zealot  
  51  5:14  Immortal  
  51  5:18  Zealot  
  54  5:21  Shield Battery  
  57  5:32  Probe x2  
  59  5:44  Probe x2  
  59  5:48  Forge  
  61  5:56  Probe x2  
  63  6:02  Stalker x2  
  70  6:12  Pylon  
  70  6:13  Pylon  
Show
View Real Time Build Order
Export as new Build Order

BackupN Protoss 

Build Orders: Blink Stalkers 

Get SALT Encoding   

  12  0:00  Probe  
  13  0:12  Probe  
  14  0:17  Pylon  
  14  0:24  Probe  
  15  0:33  Probe  
  15  0:38  Gateway  
  15  0:41  Probe  
  16  0:47  Assimilator  
  17  0:51  Probe  
  17  0:56  Assimilator  
  18  1:03  Probe  
  19  1:11  Gateway  
  19  1:15  Probe  
  20  1:25  Cybernetics Core  
  20  1:27  Probe  
  21  1:34  Pylon  
  21  1:39  Probe  
  22  1:51  Probe  
  23  2:00  Stalker x2  
  23  2:01  Twilight Council  
  23  2:12  Warp Gate  
  27  2:19  Pylon  
  27  2:30  Probe  
  27  2:35  Blink  
  28  2:39  Stalker x2  
  32  2:47  Probe  
  28  3:35  Pylon  
  28  3:39  Probe  
  26  3:43  Gateway  
  26  3:45  Gateway  
  26  3:49  Shield Battery  
  26  3:51  Probe  
  26  4:03  Probe  
  26  4:08  Stalker  
  26  4:09  Stalker  
  30  4:15  Probe  
  30  4:17  Robotics Facility  
  31  4:27  Probe  
  31  4:31  Pylon  
  32  4:39  Probe  
  32  4:43  Stalker  
  35  4:51  Probe  
  36  5:11  Nexus  
  36  5:24  Forge  
  36  5:26  Probe  
  37  5:35  Probe  
  37  5:36  Robotics Bay  
  37  5:41  Observer  
  39  5:43  Probe  
  39  6:01  Probe  
Tags
 
Composition
Blink Stalkers
Matchup
PvP
Player
Harstem
Spawn Locations
Cross Positions
Add a new tag
Caveats
  • Supply blocks, unpowered buildings, or Contaminate may cause inaccurate times.
  • Supply counts are checked every 10 seconds.